[Event "DSAM Bad Wildungen 2024"]
[Site "Bad Wildungen"]
[Date "2024.08.01"]
[Round "2.1"]
[White "Tonndorf, Matthias"]
[Black "Boehme, Sebastian"]
[Result "0-1"]
[Annotator "RC"]
[ECO "A13"]
[WhiteElo "2187"]
[BlackElo "2232"]
[PlyCount "67"]
[EventDate "2024.07.31"]
[EventCountry "GER"]
[SourceTitle "playchess.com"]
[Source "ChessBase"]
[SourceQuality "1"]
[TimeControl "40/5400+30:900+30"]

1. c4 e6 2. Nf3 d5 3. e3 Nf6 4. b3 Bd6 5. Bb2 O-O 6. Be2 Re8 7. O-O dxc4 8. bxc4 c5 9. d3 Nc6 10. Nbd2 e5 11. Qb3 b6 12. Rfd1 h6 13. Bf1 Bf5 14. g3 Qc7 15. Bg2 Rad8 16. Nh4 Bh7 17. a3 Be7 18. Bxc6 Qxc6 19. e4 Qd7 20. Nf1 Qh3 21. f3 Nh5 22. Ng2 Bg5 23. a4 f5 24. exf5 Bxf5 25. a5 Bd7 26. axb6 axb6 27. Ra6 Bc6 28. Ne1 Rf8 29. Rxb6 Rxf3 30. Nxf3 Bxf3 31. Qc2 Nxg3 32. Re1 Nxf1 33. Bc1 Bd2 34. Qd1 0-1

[Event "DSAM Bad Wildungen 2024"]
[Site "Bad Wildungen"]
[Date "2024.08.01"]
[Round "2.2"]
[White "Noetzel, Felix"]
[Black "Kocharin, Timur"]
[Result "1-0"]
[Annotator "RC"]
[ECO "B96"]
[WhiteElo "2163"]
[BlackElo "2297"]
[PlyCount "85"]
[EventDate "2024.07.31"]
[EventCountry "GER"]
[SourceTitle "playchess.com"]
[Source "ChessBase"]
[SourceQuality "1"]
[TimeControl "40/5400+30:900+30"]

1. e4 c5 2. Nf3 d6 3. d4 cxd4 4. Nxd4 Nf6 5. Nc3 a6 6. Bg5 e6 7. f4 h6 8. Bh4 Qb6 9. Nb3 Qe3+ 10. Be2 Qxf4 11. Bg3 Qe3 12. Bf2 Qg5 13. h4 Qg6 14. Qd3 Nbd7 15. h5 Qh7 16. O-O-O Ne5 17. Qd4 Be7 18. Nd2 b5 19. Nf3 Nfg4 20. Bg3 O-O 21. Nxe5 Nxe5 22. Bxe5 dxe5 23. Qxe5 b4 24. Na4 Bb7 25. Nb6 Rad8 26. Nd7 Rfe8 27. Bf3 Bc6 28. Nc5 Rxd1+ 29. Rxd1 Bxc5 30. Qxc5 Bxe4 31. Qe7 Bc6 32. Rd8 Qf5 33. Rxe8+ Bxe8 34. Qxe8+ Kh7 35. Qd7 Qf4+ 36. Qd2 Qh4 37. Qd3+ f5 38. Qxa6 Qe1+ 39. Bd1 Qe3+ 40. Kb1 e5 41. Qg6+ Kh8 42. Qxf5 Qe1 43. Qf3 1-0

[Event "DSAM Bad Wildungen 2024"]
[Site "Bad Wildungen"]
[Date "2024.08.01"]
[Round "2.3"]
[White "Vogel, Constantin"]
[Black "Kracht, Raphael"]
[Result "0-1"]
[Annotator "RC"]
[ECO "A14"]
[WhiteElo "2184"]
[BlackElo "2199"]
[PlyCount "96"]
[EventDate "2024.07.31"]
[EventCountry "GER"]
[SourceTitle "playchess.com"]
[Source "ChessBase"]
[SourceQuality "1"]
[TimeControl "40/5400+30:900+30"]

1. c4 Nf6 2. g3 e6 3. Bg2 d5 4. Nf3 Be7 5. O-O O-O 6. b3 b6 7. Bb2 c5 8. cxd5 Nxd5 9. d4 Bb7 10. Nbd2 Nd7 11. e4 N5f6 12. Qe2 a5 13. Rfd1 Qc7 14. Rac1 Rad8 15. e5 Nd5 16. Ne4 Qb8 17. h4 h6 18. Nfd2 cxd4 19. Bxd4 Nxe5 20. f4 Nxf4 21. gxf4 Rxd4 22. fxe5 Qxe5 23. Qf2 Bxe4 24. Re1 Rxd2 25. Qxd2 Bc5+ 26. Kh1 f5 27. Re2 Qg3 28. Bxe4 Qxh4+ 29. Rh2 Qxe4+ 30. Rg2 Qh4+ 31. Rh2 Qg5 32. Qe1 Qe3 33. Re2 Qh3+ 34. Rh2 Qf3+ 35. Rg2 Rf6 36. Rc3 Bb4 37. Rc8+ Kh7 38. Qg3 Qxg3 39. Rxg3 f4 40. Rd3 f3 41. Kg1 Bc5+ 42. Kf1 e5 43. Re8 Bd4 44. Re7 h5 45. a3 h4 46. b4 axb4 47. axb4 h3 48. Rd2 Rg6 0-1

[Event "DSAM Bad Wildungen 2024"]
[Site "Bad Wildungen"]
[Date "2024.08.01"]
[Round "2.4"]
[White "Kocak, Ediz"]
[Black "Huesmann, Thomas"]
[Result "1-0"]
[Annotator "RC"]
[ECO "A80"]
[WhiteElo "2166"]
[BlackElo "2165"]
[PlyCount "113"]
[EventDate "2024.07.31"]
[EventCountry "GER"]
[SourceTitle "playchess.com"]
[Source "ChessBase"]
[SourceQuality "1"]
[TimeControl "40/5400+30:900+30"]

1. d4 f5 2. Bg5 g6 3. Nc3 d5 4. h4 h6 5. Bf4 Bg7 6. Nf3 e6 7. Ne5 Bxe5 8. Bxe5 Rh7 9. Qd3 Nc6 10. Bf4 Rg7 11. e3 a6 12. O-O-O Bd7 13. Kb1 b5 14. Qd2 Nce7 15. Ne2 Nc8 16. Qc3 c6 17. Nc1 Nb6 18. Nd3 Na4 19. Qd2 Nb6 20. Nc5 a5 21. Nb7 Qe7 22. Bd6 Qf7 23. Be5 Kf8 24. Qc3 Na4 25. Qa3+ c5 26. Nxc5 b4 27. Bxg7+ Kxg7 28. Qd3 Nxc5 29. dxc5 Ne7 30. f4 h5 31. Be2 Nc6 32. c3 Qf8 33. cxb4 axb4 34. Rc1 Ra5 35. b3 Kf7 36. g3 Bc8 37. Qd2 Ba6 38. Bxa6 Rxa6 39. Rh2 Ra5 40. Rf2 Qc8 41. Qd3 Qb7 42. g4 fxg4 43. e4 Qa6 44. Qxa6 Rxa6 45. exd5 exd5 46. f5 Nd4 47. fxg6+ Kxg6 48. Rd2 Nb5 49. Rxd5 Rf6 50. c6 Nc3+ 51. Rxc3 bxc3 52. c7 Rc6 53. Rd6+ Rxd6 54. c8=Q Rd1+ 55. Kc2 Rd2+ 56. Kxc3 Rxa2 57. Qe6+ 1-0

[Event "DSAM Bad Wildungen 2024"]
[Site "Bad Wildungen"]
[Date "2024.08.01"]
[Round "2.5"]
[White "Gluma, Christian"]
[Black "Sydykov, Bayastan"]
[Result "0-1"]
[Annotator "RC"]
[ECO "C03"]
[WhiteElo "2091"]
[BlackElo "2246"]
[PlyCount "82"]
[EventDate "2024.07.31"]
[EventCountry "GER"]
[SourceTitle "playchess.com"]
[Source "ChessBase"]
[SourceQuality "1"]
[TimeControl "40/5400+30:900+30"]

1. e4 e6 2. d4 d5 3. Nd2 h6 4. c3 c5 5. exd5 exd5 6. Ngf3 Nf6 7. Bd3 Bd6 8. dxc5 Bxc5 9. O-O O-O 10. Nb3 Bb6 11. h3 Bc7 12. Be3 Nc6 13. Bc2 Re8 14. Qd3 Qd6 15. Bc5 Qd8 16. Rfe1 Be6 17. Rad1 b6 18. Be3 Qd6 19. Nbd4 Nxd4 20. Nxd4 Qe5 21. Nf3 Qh5 22. Bd4 Ne4 23. Nd2 Bf5 24. Qf3 Qg6 25. Nf1 Qe6 26. Re3 Bg6 27. Rde1 f5 28. Bb3 Bf7 29. Qd1 Qg6 30. Ba4 Re6 31. f3 f4 32. R3e2 Ng5 33. Kh2 Rxe2 34. Qxe2 Be6 35. Bc2 Qh5 36. Kg1 Re8 37. Nh2 Qh4 38. Bg6 Re7 39. Bf2 Nxh3+ 40. gxh3 Qg5+ 41. Kh1 Bxh3 0-1

[Event "DSAM Bad Wildungen 2024"]
[Site "Bad Wildungen"]
[Date "2024.08.01"]
[Round "2.6"]
[White "Marcziter, Dmitrii"]
[Black "Gassmann, Volker"]
[Result "1/2-1/2"]
[Annotator "RC"]
[ECO "D36"]
[WhiteElo "2204"]
[BlackElo "2077"]
[PlyCount "107"]
[EventDate "2024.07.31"]
[EventCountry "GER"]
[SourceTitle "playchess.com"]
[Source "ChessBase"]
[SourceQuality "1"]
[TimeControl "40/5400+30:900+30"]

1. d4 d5 2. c4 e6 3. Nf3 Nf6 4. Bg5 Be7 5. Nc3 O-O 6. e3 Nbd7 7. cxd5 exd5 8. Qc2 c6 9. Bd3 Re8 10. O-O Nf8 11. Rae1 Ne4 12. Bxe7 Qxe7 13. Bxe4 dxe4 14. Nd2 f5 15. f3 exf3 16. Nxf3 Ng6 17. e4 f4 18. e5 Bg4 19. Ne4 Bxf3 20. Rxf3 Rad8 21. Qc3 b6 22. b4 Qe6 23. a3 Rf8 24. Rh3 Qd5 25. Ng5 Rfe8 26. Nf3 c5 27. dxc5 bxc5 28. b5 c4 29. a4 Qc5+ 30. Kf1 Rd3 31. Qc2 Qd5 32. Qf2 Rd1 33. Qc2 Rxe1+ 34. Kxe1 Re6 35. Rh5 h6 36. Kf1 a6 37. bxa6 Rxa6 38. h4 Qd3+ 39. Qxd3 cxd3 40. e6 Rd6 41. Nd2 Kf8 42. Rf5+ Ke7 43. Rf7+ Kxe6 44. Rxg7 Kf5 45. h5 Ne5 46. Rb7 Ng4 47. Rb5+ Ke6 48. a5 Rc6 49. Rb6 Kd7 50. Rxc6 Kxc6 51. g3 fxg3 52. Kg2 Nf6 53. Kxg3 Nxh5+ 54. Kf3 1/2-1/2

[Event "DSAM Bad Wildungen 2024"]
[Site "Bad Wildungen"]
[Date "2024.08.01"]
[Round "2.7"]
[White "Fuhrmann, Bahne"]
[Black "Dauth, Benjamin"]
[Result "1/2-1/2"]
[Annotator "RC"]
[ECO "E01"]
[WhiteElo "2152"]
[BlackElo "2247"]
[PlyCount "65"]
[EventDate "2024.07.31"]
[EventCountry "GER"]
[SourceTitle "playchess.com"]
[Source "ChessBase"]
[SourceQuality "1"]
[TimeControl "40/5400+30:900+30"]

1. d4 Nf6 2. c4 c6 3. Nf3 d5 4. Nc3 e6 5. g3 Bd6 6. Bg2 O-O 7. O-O Nbd7 8. Nd2 a6 9. e4 dxe4 10. Ndxe4 Be7 11. Qc2 Nxe4 12. Nxe4 f5 13. Nc3 e5 14. dxe5 Nxe5 15. Rd1 Qe8 16. Re1 Ng6 17. Bg5 Qf7 18. Bxe7 Nxe7 19. Qe2 Ng6 20. f4 Bd7 21. Na4 Rae8 22. Qd3 Rxe1+ 23. Rxe1 Re8 24. Rd1 Nf8 25. Nb6 Be6 26. b3 Qf6 27. Bf3 Qb2 28. Rd2 Qa1+ 29. Kg2 Qf6 30. c5 h6 31. Qd6 g5 32. Bh5 Re7 33. Be2 1/2-1/2

[Event "DSAM Bad Wildungen 2024"]
[Site "Bad Wildungen"]
[Date "2024.08.01"]
[Round "2.8"]
[White "Menzel, Maximilian"]
[Black "Trunz, Michelle"]
[Result "1-0"]
[Annotator "RC"]
[ECO "A46"]
[WhiteElo "2108"]
[BlackElo "2044"]
[PlyCount "131"]
[EventDate "2024.07.31"]
[EventCountry "GER"]
[SourceTitle "playchess.com"]
[Source "ChessBase"]
[SourceQuality "1"]
[TimeControl "40/5400+30:900+30"]

1. d4 d5 2. Nf3 Nf6 3. g3 b5 4. Bg2 e6 5. O-O Be7 6. a4 b4 7. c4 bxc3 8. Nxc3 O-O 9. Bf4 Ba6 10. Qc2 Bd6 11. Rfc1 Bxf4 12. gxf4 Qd6 13. Ne5 Nfd7 14. Nb5 Bxb5 15. axb5 Rc8 16. e4 Nb6 17. Qc5 N8d7 18. Qxd6 cxd6 19. Nxd7 Nxd7 20. exd5 Rxc1+ 21. Rxc1 exd5 22. Bxd5 Rb8 23. Rc7 Nf6 24. Bxf7+ Kf8 25. Bc4 d5 26. Be2 Re8 27. Bf3 Re1+ 28. Kg2 Ra1 29. b3 Ra3 30. Rc5 Rxb3 31. Bxd5 Rb4 32. Bc4 Nd5 33. Rc7 Nb6 34. Be2 Nd5 35. Rxa7 Rxd4 36. Bf3 Nb6 37. Rb7 Rd6 38. Bc6 Nc4 39. Kf3 Nd2+ 40. Ke2 Nb3 41. Be4 Nc5 42. Rb8+ Ke7 43. Bf3 Kd7 44. Rg8 Rg6 45. f5 Rg1 46. b6 Ke7 47. b7 Nxb7 48. Bxb7 Rg5 49. Bd5 Kf6 50. Rf8+ Ke5 51. Bf3 Rg1 52. Rf7 g5 53. fxg6 hxg6 54. h3 Ke6 55. Rf8 Ra1 56. Bg4+ Ke7 57. Rb8 Kf6 58. Rb5 Ra3 59. Kf1 Rc3 60. Kg2 Ra3 61. h4 Rc3 62. f3 Rc2+ 63. Kg3 Rc1 64. Rb6+ Kg7 65. Be6 Kf6 66. Bd5+ 1-0

[Event "DSAM Bad Wildungen 2024"]
[Site "Bad Wildungen"]
[Date "2024.08.01"]
[Round "2.9"]
[White "Peters, Frank"]
[Black "Kamp, Adrian"]
[Result "0-1"]
[Annotator "RC"]
[ECO "A37"]
[WhiteElo "2088"]
[BlackElo "2120"]
[PlyCount "102"]
[EventDate "2024.07.31"]
[EventCountry "GER"]
[SourceTitle "playchess.com"]
[Source "ChessBase"]
[SourceQuality "1"]
[TimeControl "40/5400+30:900+30"]

1. Nf3 c5 2. c4 Nc6 3. Nc3 g6 4. g3 Bg7 5. Bg2 d6 6. O-O e5 7. d3 Nge7 8. Rb1 O-O 9. a3 a5 10. Bd2 h6 11. Ne1 Bg4 12. Nc2 Qd7 13. Ne3 Bh3 14. Ned5 Bxg2 15. Kxg2 Nxd5 16. Nxd5 Ne7 17. Bxh6 Nxd5 18. Bxg7 Nf4+ 19. gxf4 Kxg7 20. e3 exf4 21. Qf3 fxe3 22. fxe3 Qe7 23. Qg3 Qe5 24. e4 a4 25. Rf2 b5 26. Qxe5+ dxe5 27. cxb5 Rfb8 28. Rc1 Rxb5 29. Rc4 Ra7 30. Kf3 Rd7 31. Ke3 Rd4 32. Rc3 Rd8 33. Rfc2 Rh8 34. Rxc5 Rh3+ 35. Kd2 Rxh2+ 36. Kc1 Rh1+ 37. Kd2 Rh2+ 38. Kc1 Rxc5 39. Rxc5 Kf6 40. Rc4 g5 41. Rxa4 g4 42. Ra8 g3 43. Rg8 g2 44. a4 Rh1+ 45. Kc2 g1=Q 46. Rxg1 Rxg1 47. b4 Ke6 48. Kc3 Rc1+ 49. Kb2 Rd1 50. Kc2 Ra1 51. a5 Ra3 0-1

[Event "DSAM Bad Wildungen 2024"]
[Site "Bad Wildungen"]
[Date "2024.08.01"]
[Round "2.10"]
[White "Zhou, Lepu Coco"]
[Black "Kull, Florian"]
[Result "0-1"]
[Annotator "RC"]
[ECO "B12"]
[WhiteElo "2095"]
[BlackElo "2113"]
[PlyCount "74"]
[EventDate "2024.07.31"]
[EventCountry "GER"]
[SourceTitle "playchess.com"]
[Source "ChessBase"]
[SourceQuality "1"]
[TimeControl "40/5400+30:900+30"]

1. e4 c6 2. d4 d5 3. e5 Bf5 4. h4 h5 5. Bd3 Bxd3 6. Qxd3 Qa5+ 7. c3 Qa6 8. Qxa6 Nxa6 9. e6 f6 10. Nh3 Nh6 11. Nf4 Nf5 12. Na3 Nc7 13. Bd2 g6 14. O-O-O Bh6 15. Nxg6 Rg8 16. g4 hxg4 17. h5 Nxe6 18. Bxh6 Nxh6 19. Rde1 Kd7 20. Re2 Rae8 21. Rhe1 Rxg6 22. hxg6 Nf4 23. Rd2 Nxg6 24. Nc2 f5 25. Rh1 Nf7 26. Ne3 e6 27. Rh7 Re7 28. Rg7 Nf4 29. f3 gxf3 30. Rg3 Ne2+ 31. Rxe2 fxe2 32. Ng2 e5 33. dxe5 f4 34. Rh3 Nxe5 35. Kd2 f3 36. Nh4 Nc4+ 37. Ke1 f2+ 0-1

[Event "DSAM Bad Wildungen 2024"]
[Site "Bad Wildungen"]
[Date "2024.08.01"]
[Round "2.11"]
[White "Heck, Norbert"]
[Black "Richter, Jan"]
[Result "1-0"]
[Annotator "RC"]
[ECO "A30"]
[WhiteElo "2099"]
[BlackElo "2048"]
[PlyCount "41"]
[EventDate "2024.07.31"]
[EventCountry "GER"]
[SourceTitle "playchess.com"]
[Source "ChessBase"]
[SourceQuality "1"]
[TimeControl "40/5400+30:900+30"]

1. Nf3 c5 2. c4 g6 3. g3 b6 4. Bg2 Bb7 5. Nc3 Bg7 6. O-O Nf6 7. Re1 O-O 8. e4 d6 9. d4 cxd4 10. Nxd4 Qd7 11. h3 Na6 12. Be3 Nc5 13. Qc2 Rac8 14. Rad1 Ba8 15. f4 Rfd8 16. Bf2 Qb7 17. Qe2 a6 18. Nd5 e6 19. e5 Nxd5 20. cxd5 exd5 21. e6 1-0

[Event "DSAM Bad Wildungen 2024"]
[Site "Bad Wildungen"]
[Date "2024.08.01"]
[Round "2.12"]
[White "Buchinger, Alexis"]
[Black "Meier, David Geffrey"]
[Result "1-0"]
[Annotator "RC"]
[ECO "A42"]
[WhiteElo "2116"]
[BlackElo "2105"]
[PlyCount "85"]
[EventDate "2024.07.31"]
[EventCountry "GER"]
[SourceTitle "playchess.com"]
[Source "ChessBase"]
[SourceQuality "1"]
[TimeControl "40/5400+30:900+30"]

1. e4 g6 2. d4 Bg7 3. c4 d6 4. Nc3 Nc6 5. d5 Nd4 6. Be3 c5 7. Nge2 Bg4 8. f3 Nxe2 9. Bxe2 Bd7 10. Qb3 Rb8 11. O-O Nf6 12. e5 dxe5 13. Bxc5 b6 14. Ba3 O-O 15. d6 e6 16. Rad1 h5 17. Ne4 Nh7 18. Qd3 f5 19. Nc3 Rf7 20. b4 Nf6 21. c5 bxc5 22. bxc5 Bc6 23. Qa6 Qe8 24. Bc4 Bb7 25. Qb5 Bc6 26. Qa6 Bb7 27. d7 Rxd7 28. Qxe6+ Kh7 29. Qxe8 Rxe8 30. Rxd7 Nxd7 31. Bb5 e4 32. Bxd7 Bd4+ 33. Kh1 exf3 34. c6 fxg2+ 35. Kxg2 Bxc6+ 36. Bxc6 Rc8 37. Nb5 Bb6 38. Rc1 Rd8 39. Nd6 Be3 40. Rb1 Bb6 41. Re1 g5 42. Re8 f4 43. Be4+ 1-0

[Event "DSAM Bad Wildungen 2024"]
[Site "Bad Wildungen"]
[Date "2024.08.01"]
[Round "2.13"]
[White "von Reppert, Marc"]
[Black "Bartelt, Max Peter"]
[Result "0-1"]
[Annotator "RC"]
[ECO "C02"]
[WhiteElo "1959"]
[BlackElo "2069"]
[PlyCount "70"]
[EventDate "2024.07.31"]
[EventCountry "GER"]
[SourceTitle "playchess.com"]
[Source "ChessBase"]
[SourceQuality "1"]
[TimeControl "40/5400+30:900+30"]

1. e4 e6 2. d4 d5 3. e5 c5 4. c3 Nc6 5. Nf3 Qb6 6. a3 c4 7. Nbd2 Na5 8. Be2 Bd7 9. O-O Be7 10. Rb1 Rc8 11. Qc2 Nh6 12. b3 cxb3 13. Nxb3 Ba4 14. Nfd2 Qc7 15. Qa2 Nf5 16. Nxa5 Qxa5 17. Nb3 Qxc3 18. Bd2 Qc2 19. Rb2 Qe4 20. Re1 O-O 21. Nc5 Bxc5 22. dxc5 Nd4 23. Bd1 Qg6 24. Bxa4 Nf3+ 25. Kh1 Nxe1 26. Bxe1 Qe4 27. Bb4 a5 28. Re2 Qd4 29. Rd2 Qf4 30. Bd7 axb4 31. Bxc8 b3 32. Qb2 Rxc8 33. Rd3 Rxc5 34. Qxb3 Rc1+ 35. Rd1 Qd2 0-1

[Event "DSAM Bad Wildungen 2024"]
[Site "Bad Wildungen"]
[Date "2024.08.01"]
[Round "2.14"]
[White "Schueller, Tobias"]
[Black "Vladov, Arsenii"]
[Result "0-1"]
[Annotator "RC"]
[ECO "A41"]
[WhiteElo "2018"]
[BlackElo "2063"]
[PlyCount "106"]
[EventDate "2024.07.31"]
[EventCountry "GER"]
[SourceTitle "playchess.com"]
[Source "ChessBase"]
[SourceQuality "1"]
[TimeControl "40/5400+30:900+30"]

1. c4 d6 2. d4 e5 3. dxe5 dxe5 4. Qxd8+ Kxd8 5. Nc3 Be6 6. b3 c6 7. g3 Nd7 8. Nf3 f6 9. Bg2 Kc7 10. Bd2 Rd8 11. Ne4 Nc5 12. Ba5+ b6 13. Nxc5 Bxc5 14. Bc3 Be7 15. Nxe5 fxe5 16. Bxe5+ Kb7 17. Bxg7 Bf6 18. Bxh8 Bxh8 19. Rc1 Bb2 20. Rc2 Ba3 21. e4 Nf6 22. Ke2 Bc5 23. f3 Rf8 24. Rf1 h5 25. Rd2 Kc7 26. h3 Rg8 27. g4 Bd6 28. Rxd6 Kxd6 29. f4 hxg4 30. e5+ Kc5 31. exf6 gxh3 32. Be4 Rf8 33. f5 Bd7 34. Ke3 Rxf6 35. Kf4 h2 36. Rh1 Rh6 37. Kg5 Rh8 38. Kg6 Rh4 39. Bb1 Kd6 40. Kg5 Rh8 41. Bc2 Ke5 42. Re1+ Kd4 43. Rh1 c5 44. f6 Bc6 45. Rxh2 Rxh2 46. f7 Rf2 47. Bf5 Bd7 48. f8=Q Rxf5+ 49. Qxf5 Bxf5 50. Kxf5 Kc3 51. Ke4 Kb2 52. Kd3 Kxa2 53. Kc3 Ka3 0-1

[Event "DSAM Bad Wildungen 2024"]
[Site "Bad Wildungen"]
[Date "2024.08.01"]
[Round "2.15"]
[White "Schmalz, Dirk"]
[Black "Lu, Yunong Elias"]
[Result "1/2-1/2"]
[Annotator "RC"]
[ECO "B14"]
[WhiteElo "1945"]
[BlackElo "1996"]
[PlyCount "108"]
[EventDate "2024.07.31"]
[EventCountry "GER"]
[SourceTitle "playchess.com"]
[Source "ChessBase"]
[SourceQuality "1"]
[TimeControl "40/5400+30:900+30"]

1. e4 c6 2. d4 d5 3. exd5 cxd5 4. c4 Nf6 5. Nc3 g6 6. Qb3 Bg7 7. cxd5 O-O 8. Be2 Nbd7 9. Bf3 Nb6 10. h3 Bf5 11. a4 a5 12. Bf4 Bd3 13. d6 exd6 14. Nge2 Bc4 15. Qa3 d5 16. O-O Re8 17. b3 Ba6 18. Rac1 Rc8 19. Nb5 Ne4 20. Nc7 Re7 21. Nxa6 bxa6 22. Rxc8 Nxc8 23. Rc1 Re6 24. Bc7 Qe8 25. Rc2 Ng5 26. Qb2 Nxf3+ 27. gxf3 Rc6 28. Bxa5 Ne7 29. Qc1 Rxc2 30. Qxc2 Nf5 31. Qd3 Qc6 32. Bc3 h5 33. Ng3 Nd6 34. Bb4 Ne8 35. Bc5 Nc7 36. Qd1 a5 37. Qe1 Ne6 38. Qc3 Nxd4 39. Bxd4 Qxc3 40. Bxc3 Bxc3 41. Kf1 Kg7 42. Ke2 Kf6 43. Kd3 Be1 44. Ke3 Ke5 45. Ne2 g5 46. Nc1 Bc3 47. Nd3+ Kd6 48. f4 f6 49. fxg5 fxg5 50. f3 Ke6 51. Kf2 Kf5 52. Kg3 Bd2 53. Kf2 h4 54. Ke2 Bc3 1/2-1/2

[Event "DSAM Bad Wildungen 2024"]
[Site "Bad Wildungen"]
[Date "2024.08.01"]
[Round "2.16"]
[White "Derr, Oleg"]
[Black "Bongardt, Livius"]
[Result "1-0"]
[Annotator "RC"]
[ECO "C55"]
[WhiteElo "1947"]
[BlackElo "1875"]
[PlyCount "141"]
[EventDate "2024.07.31"]
[EventCountry "GER"]
[SourceTitle "playchess.com"]
[Source "ChessBase"]
[SourceQuality "1"]
[TimeControl "40/5400+30:900+30"]

1. e4 e5 2. Nf3 Nc6 3. Bc4 Nf6 4. d3 Be7 5. O-O O-O 6. Nc3 d6 7. a4 Kh8 8. h3 Ng8 9. d4 Nxd4 10. Nxd4 exd4 11. Qxd4 f5 12. Nd5 fxe4 13. Qxe4 Bf5 14. Qe2 c6 15. Nxe7 Qxe7 16. Qxe7 Nxe7 17. Re1 Ng6 18. c3 Ne5 19. Be2 Bd3 20. f4 Bxe2 21. fxe5 Bc4 22. exd6 Rf6 23. d7 h6 24. Be3 Rd8 25. Rad1 Rf7 26. Bxa7 Rfxd7 27. Re8+ Rxe8 28. Rxd7 Re1+ 29. Kh2 Re2 30. Bd4 Rxb2 31. Rxg7 Ra2 32. a5 Bd5 33. Bf6 Rf2 34. Be5 Re2 35. Bd4 Ra2 36. Rxb7+ Kg8 37. Rg7+ Kf8 38. Rg3 h5 39. Bb6 Kf7 40. Rg5 Kf6 41. Bd8+ Ke6 42. Bb6 Kf6 43. h4 Ke6 44. c4 Bf3 45. a6 Rxa6 46. gxf3 Rxb6 47. Rxh5 Rb4 48. c5 Rb2+ 49. Kg3 Rb1 50. Kg4 Rg1+ 51. Kf4 Rh1 52. Kg3 Rg1+ 53. Kf2 Rc1 54. Rg5 Rc2+ 55. Kg3 Rc1 56. h5 Rg1+ 57. Kf4 Rh1 58. Re5+ Kf6 59. Rf5+ Ke6 60. Rg5 Rh4+ 61. Kg3 Rh1 62. Kg4 Rg1+ 63. Kf4 Rh1 64. Ke4 Re1+ 65. Kd4 Rd1+ 66. Kc4 Rc1+ 67. Kb4 Rh1 68. Rg6+ Kd5 69. Rd6+ Ke5 70. h6 Rb1+ 71. Ka5 1-0

[Event "DSAM Bad Wildungen 2024"]
[Site "Bad Wildungen"]
[Date "2024.08.01"]
[Round "2.17"]
[White "Muendoerfer, Sebastian"]
[Black "Schelkmann, Carl"]
[Result "1-0"]
[Annotator "RC"]
[ECO "D31"]
[WhiteElo "1988"]
[BlackElo "1884"]
[PlyCount "123"]
[EventDate "2024.07.31"]
[EventCountry "GER"]
[SourceTitle "playchess.com"]
[Source "ChessBase"]
[SourceQuality "1"]
[TimeControl "40/5400+30:900+30"]

1. d4 d5 2. c4 e6 3. Nc3 a6 4. cxd5 exd5 5. Nf3 c6 6. Qc2 Bd6 7. Bg5 Ne7 8. e3 h6 9. Bh4 Bf5 10. Qxf5 Nxf5 11. Bxd8 Kxd8 12. Bd3 Ne7 13. a3 Nd7 14. O-O f5 15. Nd2 Nf6 16. f3 Kd7 17. Na4 Rae8 18. Nb3 g6 19. Nbc5+ Kc8 20. b4 b5 21. Nc3 Bxc5 22. dxc5 Nd7 23. Rfd1 Ne5 24. Bf1 Rd8 25. Ne2 Rhe8 26. Nd4 Kb7 27. Kf2 Ng8 28. h3 Nf6 29. Rd2 Nc4 30. Bxc4 dxc4 31. g4 fxg4 32. hxg4 Nd5 33. Re2 Re5 34. Rh1 h5 35. f4 Rf8 36. gxh5 gxh5 37. Kf3 Rf6 38. Rh4 a5 39. Nc2 axb4 40. axb4 Nc3 41. Reh2 Kc7 42. Rxh5 Rxh5 43. Rxh5 Kd7 44. e4 Rf7 45. Rh6 Na2 46. e5 Rg7 47. f5 Rg1 48. Rh7+ Ke8 49. e6 Rc1 50. Rh2 Ke7 51. Ke4 Nc3+ 52. Ke5 Nd5 53. Rh7+ Ke8 54. Nd4 Re1+ 55. Kd6 Kf8 56. f6 Nxf6 57. Rf7+ Ke8 58. Rxf6 Rd1 59. Ke5 Re1+ 60. Kf5 c3 61. Rg6 Rd1 62. Rg8+ 1-0

[Event "DSAM Bad Wildungen 2024"]
[Site "Bad Wildungen"]
[Date "2024.08.01"]
[Round "2.18"]
[White "Helms, Sven"]
[Black "Strebel, Michael"]
[Result "1-0"]
[Annotator "RC"]
[ECO "C10"]
[WhiteElo "1960"]
[BlackElo "1955"]
[PlyCount "121"]
[EventDate "2024.07.31"]
[EventCountry "GER"]
[SourceTitle "playchess.com"]
[Source "ChessBase"]
[SourceQuality "1"]
[TimeControl "40/5400+30:900+30"]

1. e4 e6 2. d4 d5 3. Nc3 Nf6 4. Bg5 dxe4 5. Nxe4 Nbd7 6. Nf3 h6 7. Bh4 Be7 8. Nxf6+ Nxf6 9. Bd3 c5 10. O-O cxd4 11. Nxd4 Bd7 12. Qe2 O-O 13. Rfe1 Bc5 14. Nb3 Bb6 15. Rad1 Qe7 16. Be4 g5 17. Bxb7 gxh4 18. Bxa8 Rxa8 19. Nd4 Qc5 20. Qf3 Nd5 21. Re4 Qe7 22. c4 Bxd4 23. cxd5 Bg7 24. dxe6 Bc6 25. exf7+ Qxf7 26. Qxf7+ Kxf7 27. Rc4 Bb5 28. Rc7+ Kg6 29. b3 a5 30. a4 Be8 31. Rd6+ Kh7 32. Rd4 Rb8 33. Rxh4 Rxb3 34. h3 Kh8 35. Re4 Rb8 36. Ree7 Bf6 37. Re6 Bg7 38. g4 Bxa4 39. Ree7 Bb2 40. Rh7+ Kg8 41. Rxh6 Bb3 42. Rg6+ Kf8 43. h4 a4 44. Ra7 Bd4 45. Ra5 Bc3 46. Ra7 Rd8 47. h5 Be5 48. h6 Rd1+ 49. Kg2 Bd5+ 50. f3 Rd2+ 51. Kf1 Bg3 52. h7 Bc4+ 53. Kg1 Bf2+ 54. Kh1 Bd4 55. Rg8+ Bxg8 56. Ra8+ Ke7 57. hxg8=Q Rd1+ 58. Kg2 Rg1+ 59. Kh2 Rd1 60. Qf8+ Ke6 61. Qf5+ 1-0

[Event "DSAM Bad Wildungen 2024"]
[Site "Bad Wildungen"]
[Date "2024.08.01"]
[Round "2.19"]
[White "Schmidt-Schaeffer, Sebastian"]
[Black "Langer, Paul Georg"]
[Result "1/2-1/2"]
[Annotator "RC"]
[ECO "B92"]
[WhiteElo "2344"]
[BlackElo "1933"]
[PlyCount "106"]
[EventDate "2024.07.31"]
[EventCountry "GER"]
[SourceTitle "playchess.com"]
[Source "ChessBase"]
[SourceQuality "1"]
[TimeControl "40/5400+30:900+30"]

1. e4 c5 2. Nf3 d6 3. d4 cxd4 4. Nxd4 Nf6 5. Nc3 a6 6. Be2 e5 7. Nb3 Be7 8. O-O O-O 9. Be3 Nbd7 10. a4 b6 11. f3 Bb7 12. Qd2 Qc7 13. Rfd1 Rfd8 14. Qe1 Nc5 15. Nxc5 dxc5 16. Bc4 Rxd1 17. Rxd1 Rd8 18. Qe2 Rxd1+ 19. Nxd1 Qd7 20. Nc3 a5 21. Bb3 Bc6 22. Qa6 Bd8 23. Kf1 Ne8 24. Bd5 Nc7 25. Bxc6 Qxc6 26. Qc8 Qd6 27. Bg5 f6 28. Be3 Kf7 29. h4 Ke8 30. Qg4 Qd7 31. Qg3 Ne6 32. b3 Nd4 33. Qf2 f5 34. Bxd4 exd4 35. Nd5 fxe4 36. fxe4 Qg4 37. g3 Qxe4 38. Qe2 Qxe2+ 39. Kxe2 Kd7 40. Kf3 Ke6 41. Ke4 g6 42. h5 gxh5 43. Nf4+ Kf7 44. Nxh5 Bc7 45. g4 Kg6 46. Kf3 h6 47. Ke4 Kg5 48. Kf3 Be5 49. Ng3 Bxg3 50. Kxg3 Kf6 51. Kf4 Kg6 52. Kf3 Kg5 53. Kg3 Kf6 1/2-1/2

[Event "DSAM Bad Wildungen 2024"]
[Site "Bad Wildungen"]
[Date "2024.08.01"]
[Round "2.20"]
[White "Koelpin, Arvid"]
[Black "Willand, Oliver"]
[Result "0-1"]
[Annotator "NA RC"]
[ECO "A43"]
[WhiteElo "1865"]
[BlackElo "1868"]
[PlyCount "79"]
[EventDate "2024.07.31"]
[EventCountry "GER"]
[SourceTitle "playchess.com"]
[Source "ChessBase"]
[SourceQuality "1"]
[TimeControl "40/5400+30:900+30"]

1. d4 c5 2. e3 g6 3. d5 d6 4. Nc3 Bg7 5. Be2 Nf6 6. e4 O-O 7. Nf3 Na6 8. Bf4 Nc7 9. Qd2 Rb8 10. a4 b6 11. h4 h5 12. Rd1 a6 13. Ng5 b5 14. e5 b4 15. exf6 bxc3 16. bxc3 exf6 17. Ne4 Ne8 18. Nxc5 f5 19. Nb3 Nf6 20. f3 Re8 21. O-O Nd7 22. c4 Qb6+ 23. Kh1 Nc5 24. a5 Qc7 25. Rde1 Nxb3 26. cxb3 Rxb3 27. Bd1 Rxe1 28. Rxe1 Rb2 29. Re8+ Kh7 30. Qe1 Rb1 31. Qe2 Qd7 32. Re3 Bf6 33. Bg5 Bxg5 34. hxg5 Rb7 35. Re8 Rc7 36. Bc2 Rb7 37. Ba4 Qxa4 38. Rxc8 Rb1+ 39. Kh2 Qa1 40. f4 0-1